 Dungeon Crawl Stone Soup version 0.30-a0-2-gf48d83f5e2 (webtiles) character file.

Game seed: 12629861957754146730

366 ytrimaz the Sneak (level 6, -3/38 HPs)
             Began as an Octopode Transmuter on Aug 20, 2022.
             Was an Initiate of Ashenzari.
             Slain by Edmund
             ... wielding a +3 flail of holy wrath
              (9 damage)
             ... on level 4 of the Dungeon.
             The game lasted 00:07:51 (5235 turns).

ytrimaz the Sneak (Octopode Transmuter)             Turns: 5235, Time: 00:07:52

Health: -3/38      AC:  5    Str:  9    XL:     6   Next: 68%
Magic:  8/9        EV: 13    Int: 18    God:    Ashenzari [......]
Gold:   93         SH:  0    Dex: 12    Spells: 3/9 levels left

rFire   . . .      SeeInvis .      - Unarmed
rCold   . . .      Faith    .    (no shield)
rNeg    . . .      Spirit   .    (helmet restricted)
rPois   .          Reflect  .    (no amulet)
rElec   .          Harm     .    l - ring of flight
rCorr   .          Rampage  .    k - +4 ring of protection
Will    .....                    (no ring)
Stlth   ++++......               (no ring)
HPRegen 0.12/turn                (no ring)
MPRegen 0.11/turn                (no ring)
                                 (no ring)
                                 (no ring)

@: flying
A: almost no armour, amphibious, 8 rings, camouflage 1, gelatinous body 1,
(nimble swimmer 1), tentacles
a: Renounce Religion


You were on level 4 of the Dungeon.
You worshipped Ashenzari.
Ashenzari was noncommittal.
You visited 2 branches of the dungeon, and saw 5 of its levels.

You collected 93 gold pieces.

Inventory:

Missiles
 o - a throwing net
Jewellery
 g - a ring of ice
 j - an amulet of faith
 k - a +4 ring of protection (right tentacle)
 l - a ring of flight (left tentacle)
Scrolls
 c - a scroll of fog
Potions
 a - a potion of lignification
 b - a potion of mutation
 d - a potion of ambrosia {unknown}
 e - a potion of flight
 f - 2 potions of heal wounds {unknown}
 h - 3 potions of haste
 i - 2 potions of brilliance {unknown}
 m - a potion of magic {unknown}
 n - a potion of attraction {unknown}


   Skills:
 - Level 1.0 Fighting
 - Level 2.0 Dodging
 - Level 7.0 Stealth
 + Level 5.2 Unarmed Combat
 - Level 2.0 Spellcasting
 - Level 2.0 Transmutations


You had 3 spell levels left.
You knew the following spells:

 Your Spells              Type           Power      Damage    Failure   Level
a - Beastly Appendage     Tmut           18%        N/A       8%          1
b - Wereblood             Tmut           9%         N/A       12%         2
c - Spider Form           Tmut/Pois      5%         N/A       34%         3

Your spell library contained the following spells:

 Spells                   Type           Power      Damage    Failure   Level
 Sublimation of Blood     Necr           1%         N/A       26%         2
 Ice Form                 Ice/Tmut       5%         N/A       75%         4
 Summon Hydra             Summ           0%         N/A       100%        7


Dungeon Overview and Level Annotations

Branches:
Dungeon (4/15)             Temple (1/1) D:4

Altars:
Ashenzari
Cheibriados
Dithmenos
Elyvilon
Fedhas
Gozag
Hepliaklqana
Makhleb
Nemelex Xobeh
Ru
Sif Muna
Uskayaw
Vehumet
Xom
Zin

Shops:
D:2 *

Annotations:
D:4 Edmund


Innate Abilities, Weirdness & Mutations

You cannot wear most types of armour.
You are amphibious.
You can wear up to eight rings at the same time.
Your skin changes colour to match your surroundings (Stealth+).
Your rubbery body absorbs attacks. (AC +1, EV +1)
((You are camouflaged when in or above water. (Stealth+)))
You have tentacles for arms and can constrict up to eight enemies at once.


Message History

You turn into a venomous arachnid creature.
Your transformation is almost over.
Unknown command.
There is an open door here.
The helpless Edmund fails to defend himself.
You hit Edmund but do no damage.
Edmund is poisoned.
Edmund closely misses you.
You hit Edmund but do no damage.
Edmund looks as sick as possible!
Edmund hits you but does no damage.
You barely miss Edmund.
Edmund is lightly wounded.
Your transformation has ended.
Edmund misses you.
You tentacle-slap Edmund. You grab Edmund.
Edmund is lightly wounded.
You constrict Edmund.
Edmund hits you with a +3 flail of holy wrath.
You tentacle-slap Edmund but do no damage.
Edmund is moderately wounded.
You constrict Edmund, but do no damage.
Edmund hits you with a +3 flail of holy wrath.
Unknown command.
You tentacle-slap Edmund. You squeeze Edmund.
Edmund is moderately wounded.
You constrict Edmund, but do no damage.
Edmund hits you with a +3 flail of holy wrath.
You tentacle-slap Edmund but do no damage.
You squeeze Edmund, but do no damage.
Edmund is heavily wounded.
You constrict Edmund.
Edmund hits you with a +3 flail of holy wrath!
You barely miss Edmund. You squeeze Edmund, but do no damage.
Edmund is heavily wounded.
You constrict Edmund, but do no damage.
Edmund hits you with a +3 flail of holy wrath!
* * * LOW HITPOINT WARNING * * *
Unknown command.
You release your grip on Edmund.
Edmund attacks as you move away!
Edmund hits you with a +3 flail of holy wrath!
You die...

#####........# #.####_
#...#........#######.#_...
#...#........[.......###..
#...#................#_...
##'###................###..
#.....................#⌠...
#.....................###..
#.....#########'#####.#....
#.....#..@@.........#.###..
#.....#.............#.#_...
#.....#.............#.##8..
#.....#.............#......
#######..........)..#.....#
#... #...###..##)..#.....#
#...############...#.....#
#........†....)....#.....#
#........†.........#.....#


You could see Edmund (very poisoned).

Vanquished Creatures
  2 orc priests (D:4)
  4 orc wizards (D:4)
  4 gnolls
  5 adders
  A worm (D:3)
  2 dart slugs
  11 orcs
  5 bats
  11 endoplasms
  8 giant cockroaches
  6 goblins
  10 hobgoblins
  6 jackals (D:1)
  4 quokkas
  4 ball pythons
  4 frilled lizards
  11 kobolds
  3 rats
101 creatures vanquished.

Notes
Turn   | Place    | Note
-------+----------+-------------------------------------------
     0 | D:1      | ytrimaz the Octopode Transmuter began the quest for the
                  | Orb.
     0 | D:1      | Reached XP level 1. HP: 13/13 MP: 3/3
   152 | D:1      | Reached skill level 1 in Stealth
   156 | D:1      | Reached XP level 2. HP: 12/18 MP: 3/5
   275 | D:1      | Found a faded altar of an unknown god.
   833 | D:1      | Reached XP level 3. HP: 23/23 MP: 4/6
   963 | D:1      | Reached skill level 2 in Stealth
  1816 | D:2      | Reached skill level 3 in Stealth
  1818 | D:2      | Reached XP level 4. HP: 24/28 MP: 7/7
  1895 | D:2      | Found Weasea's General Store.
  2498 | D:2      | Reached skill level 4 in Stealth
  3052 | D:3      | Reached XP level 5. HP: 31/33 MP: 8/8
  3565 | D:3      | Found a white marble altar of Elyvilon.
  3963 | D:4      | Reached skill level 5 in Stealth
  4111 | D:4      | Found a staircase to the Ecumenical Temple.
  4245 | Temple   | Entered the Ecumenical Temple
  4483 | D:4      | Reached skill level 6 in Stealth
  4483 | D:4      | Reached XP level 6. HP: 28/38 MP: 9/9
  4860 | D:4      | Reached skill level 5 in Unarmed Combat
  4995 | D:4      | Reached skill level 7 in Stealth
  5139 | D:4      | Found a radiant altar of Vehumet.
  5146 | D:4      | Found a hazy altar of Hepliaklqana.
  5148 | D:4      | Found a broken altar of Ashenzari.
  5149 | D:4      | Found a shadowy altar of Dithmenos.
  5150 | D:4      | Found a sparkling altar of Nemelex Xobeh.
  5151 | D:4      | Found a hide-covered altar of Uskayaw.
  5155 | D:4      | Became a worshipper of Ashenzari the Shackled
  5206 | D:4      | Noticed Edmund
  5212 | D:4      | Learned a level 2 spell: Wereblood
  5216 | D:4      | Learned a level 3 spell: Spider Form
  5235 | D:4      | Slain by Edmund

Illustrated notes

Levels and vault maps discovered:
D:1:      dpeg_arrival_simpleton_b, layout_loops_corners,
          ebering_ecumenical_altar_webs, minmay_fountain_box
D:2:      layout_basic, serial_shops, nicolae_shop_crystal,
          minmay_worlds_worst_comb
D:3:      layout_rooms, elyvilon_altar_1
D:4:      layout_gridville, minitemple, minmay_temple_entry_ruins, uniq_edmund
Temple:   hellmonk_temple_forest_ring

Skill      XL: |  1  2  3  4  5  6 |
---------------+-------------------+-----
Stealth        | 1 3 4 6 7 |  7.0
Unarmed Combat | 4 5 |  5.2
Fighting       | |  1.0
Dodging        | |  2.0
Spellcasting   | |  2.0
Transmutations | |  2.0

Action                   |  1- 3 |  4- 6 || total
-------------------------+-------+-------++-------
Melee: Unarmed           |    77 |   169 ||   246
       Constrict         |    25 |    36 ||    61
       Tentacles         |    17 |    29 ||    46
       Kick              |    21 |    35 ||    56
       Punch             |     4 |     3 ||     7
 Cast: Beastly Appendage |    21 |    33 ||    54
       Spider Form       |       |     1 ||     1
  Use: Scroll            |     3 |     9 ||    12
 Stab: Sleeping          |    11 |    19 ||    30
Armor: Skin              |     6 |    42 ||    48
Dodge: Dodged            |    52 |    70 ||   122

Table legend: (Time is in decaauts)
 A = Elapsed time spent in this place.
 B = Non-inter-level travel time spent in this place.
 C = Inter-level travel time spent in this place.
 D = Time resting spent in this place.
 E = Time spent auto-exploring this place.
 F = Levels seen in this place.
 G = Mean time per level.
                   A        B        C        D        E       F      G
               +--------+--------+--------+--------+--------+-----+--------+
         Total |   5213 |   5123 |     90 |    572 |   3690 |   5 | 1042.6 |
       Dungeon |   5055 |   4982 |     73 |    572 |   3558 |   4 | 1263.8 |
        Temple |    158 |    141 |     17 |      0 |    132 |   1 |  158.0 |
               +--------+--------+--------+--------+--------+-----+--------+

Top non-repeatable levels by time:
     D:1: 1491 daAuts
     D:2: 1263 daAuts
     D:3: 1162 daAuts
     D:4: 1137 daAuts
  Temple: 158 daAuts
